 Dungeon Crawl Stone Soup version 0.28.0-53-g5a82cb258f (webtiles) character file.

Game seed: 3563706668754805068

231 nickcage the Slasher (level 5, -2/41 HPs)
             Began as a Demonspawn Abyssal Knight on May 24, 2022.
             Was a Believer of Lugonu.
             Killed from afar by an orc wizard (6 damage)
             ... with a puff of flame
             ... on level 4 of the Dungeon.
             The game lasted 00:06:08 (3218 turns).

nickcage the Slasher (Demonspawn Abyssal Knight)    Turns: 3218, Time: 00:06:09

Health: -2/41      AC: 11    Str: 18    XL:     5   Next: 73%
Magic:  6/6        EV:  5    Int: 12    God:    Lugonu [**....]
Gold:   116        SH:  0    Dex: 13    Spells: 4/4 levels left

rFire   . . .      SeeInvis .   m - +8 dagger "Hisch" {vorpal, +Blink rCorr Str+3}
rCold   . . .      Faith    .   (no shield)
rNeg    . . .      Spirit   .   c - +1 plate armour
rPois   .          Reflect  .   (no helmet)
rElec   .          Harm     .   (no cloak)
rCorr   +          Rampage  .   (no gloves)
Will    .....                   (no boots)
Stlth   ..........              (no amulet)
HPRegen 0.13/turn               (no ring)
MPRegen 0.10/turn               (no ring)

@: no status effects
A: hooves 1, demonic magic 1
a: Renounce Religion, Evoke Blink, Depart the Abyss, Bend Space


You were on level 4 of the Dungeon.
You worshipped Lugonu.
Lugonu was pleased with you.
You visited 1 branch of the dungeon, and saw 4 of its levels.
You visited the Abyss 1 time.

You collected 116 gold pieces.

Inventory:

Hand Weapons
 a - a +1 falchion
 m - the +8 dagger "Hisch" (weapon) {vorpal, +Blink rCorr Str+3}
   (You found it on level 3 of the Dungeon)

   It inflicts extra damage upon your enemies.
   Str:       It affects your strength (+3).
   +Blink:    It lets you blink.
   rCorr:     It protects you from acid and corrosion.
Missiles
 h - 3 poisoned darts (quivered)
Armour
 b - a +0 leather armour
 c - a +1 plate armour (worn)
Jewellery
 f - a ring of wizardry
Scrolls
 e - 2 scrolls of blinking
Potions
 k - a potion of resistance {unknown}
 l - a potion of attraction {unknown}


   Skills:
 - Level 3.0 Fighting
 + Level 5.3 Long Blades
 - Level 1.0 Throwing
 - Level 1.7 Armour
 - Level 0.8 Dodging
 - Level 2.4 Invocations


You had 4 spell levels left.
You didn't know any spells.
Your spell library contained the following spells:

 Spells                   Type           Power      Damage    Failure   Level
 Corpse Rot               Necr/Air       0%         N/A       100%        2
 Poisonous Vapours        Pois/Air       0%         N/A       100%        2


Dungeon Overview and Level Annotations

Branches:
Dungeon (4/15)
 Temple: D:4-7

Altars:

Shops:
D:1 :?=


Innate Abilities, Weirdness & Mutations

You have large cloven feet.
Spells you cast may paralyse adjacent enemies.


Message History

The ufetubus is moderately wounded.
The ufetubus hits you but does no damage. x2
You puncture the ufetubus!
You kill the ufetubus!
Lugonu accepts your kill.
The giant cockroach bites you but does no damage.
You puncture the giant cockroach!
You kill the giant cockroach!
Lugonu accepts your kill.
You start resting.
Edmund is nearby!
You hear the brisk rusting of a very distant drain.
Edmund shouts!
You hear a shout!
Found a leather armour.
Found 7 gold pieces.
Edmund says, "A flail is better than a scythe, any day of the week!"
Edmund says, "You wouldn't believe how much I paid for this flail."
Edmund falls through a shaft!
The shaft crumbles and collapses.
The orc wizard shouts!
A black bear comes into view.
The black bear growls angrily.
The orc wizard points at you and mumbles some strange words.
The magic dart hits you.
* * * LOW HITPOINT WARNING * * *
The orc wizard mumbles some strange words.
The orc wizard flickers and vanishes!
Deactivating autopickup; reactivate with Ctrl-A.
A puff of flame appears from out of thin air!
The puff of flame hits you but does no damage.
Something hits you.
* * * LOW HITPOINT WARNING * * *
You miss something. Something hits you.
* * * LOW HITPOINT WARNING * * *
You miss something. Your kick misses something. You closely miss something.
Something hits you.
* * * LOW HITPOINT WARNING * * *
You hear some strange, mumbled words.
A puff of flame appears from out of thin air!
The puff of flame hits you.
You die...

...# #...###......###...###
.....#..#####..#..........#
.........##.#.##.####.##..#
.##..#.........#..#.......#
.....###.###.........##@..#
...# ###.#.......h.##...#
..# ###......#..........#
.$
####........#............
...........@..........#.#
...........{..#.###......
.........†..##... ....
##.........###... ..#
#####.............#
#..##.......#.#...#
##...........### ...
#............#
#...............


You could see a black bear.

Vanquished Creatures
  A necrophage (D:4)
  3 adders
  4 gnolls (D:3)
  A white imp (D:3)
  An ufetubus (D:4)
  2 dart slugs
  An orc (D:4)
  5 bats
  5 endoplasms
  6 giant cockroaches
  4 goblins
  7 hobgoblins
  2 jackals (D:1)
  A quokka (D:2)
  8 ball pythons
  4 frilled lizards
  3 kobolds
  5 rats
63 creatures vanquished.

Notes
Turn   | Place    | Note
-------+----------+-------------------------------------------
     0 | Abyss:1  | nickcage the Demonspawn Abyssal Knight began the quest for
                  | the Orb.
     0 | Abyss:1  | Reached XP level 1. HP: 18/18 MP: 2/2
     0 | D:1      | Escaped the Abyss
    84 | D:1      | Reached skill level 2 in Long Blades
   157 | D:1      | Found a faded altar of an unknown god.
   253 | D:1      | Reached * piety under Lugonu
   255 | D:1      | Gained mutation: Spells you cast may paralyse adjacent
                  | enemies. [demonic ancestry]
   255 | D:1      | Reached XP level 2. HP: 24/24 MP: 3/3
   390 | D:1      | Reached skill level 3 in Long Blades
   520 | D:1      | Found Bunes's Magic Scroll Shop.
   597 | D:1      | Found Igionn's Book Shoppe.
   644 | D:1      | Found Vauhik's Jewellery Emporium.
   861 | D:1      | Reached XP level 3. HP: 29/29 MP: 4/4
  1819 | D:3      | Identified the +8 dagger "Hisch" {vorpal, +Blink rCorr
                  | Str+3}
  1833 | D:3      | Reached ** piety under Lugonu
  2130 | D:3      | Gained mutation: You have large cloven feet. [demonic
                  | ancestry]
  2130 | D:3      | Reached XP level 4. HP: 11/35 MP: 5/5
  2133 | D:3      | Reached skill level 4 in Long Blades
  3142 | D:4      | Noticed a necrophage
  3150 | D:4      | Reached XP level 5. HP: 41/41 MP: 6/6
  3158 | D:4      | Killed a necrophage
  3159 | D:4      | Reached skill level 5 in Long Blades
  3159 | D:4      | Reached skill level 1 in Throwing
  3169 | D:4      | Noticed Edmund
  3210 | D:4      | Noticed a black bear
  3218 | D:4      | Killed from afar by an orc wizard

Illustrated notes

Levels and vault maps discovered:
D:1:      lightli_arrival_chessboard, layout_basic,
          ebering_ecumenical_altar_mist, serial_shops, nicolae_shop_statue_plus,
          shop, nicolae_diamond_shop, chequers_serial_rivers_micro_b,
          minmay_heptomino_l4
D:2:      layout_rooms, kennysheep_another_room, moated_statue
D:3:      layout_basic, serial_glass, glass_columns_a, glass_columns_c,
          glass_columns_a, glass_columns_b, item_on_display_a, item_on_display_a
D:4:      layout_cave_pools, nicolae_overflow_hidden_temple,
          nemelex_dance_club_becter, cheibrodos_sewer_entry_bend, uniq_edmund

Skill      XL: |  1  2  3  4  5 |
---------------+----------------+-----
Long Blades    | 2 3 4 5 |  5.3
Throwing       | 1 |  1.0
Fighting       | |  3.0
Armour         | |  1.7
Dodging        | |  0.8
Invocations    | |  2.4

Action                   |  1- 3 |  4- 6 || total
-------------------------+-------+-------++-------
Melee: Falchion          |   120 |       ||   120
       Punch             |     1 |       ||     1
       Dagger            |    20 |    45 ||    65
       Kick              |       |     8 ||     8
Throw: Dart              |       |    12 ||    12
Invok: Depart the Abyss  |     1 |       ||     1
  Use: Scroll            |       |     5 ||     5
 Stab: Sleeping          |     1 |       ||     1
Armor: Leather armour    |    16 |       ||    16
       Plate armour      |    73 |    32 ||   105
Dodge: Dodged            |    57 |    14 ||    71
